 Dungeon Crawl Stone Soup version 0.17-b1-25-g6d8775f (console) character file.

108 Snowclone the Poker (level 4, -7/33 HPs)
             Began as a Merfolk Skald on Nov 5, 2015.
             Mangled by Natasha (9 damage)
             ... on level 2 of the Dungeon.
             The game lasted 00:16:18 (2443 turns).

Snowclone the Poker (Merfolk Skald)                 Turns: 2443, Time: 00:16:18

Health: -7/33      AC:  3    Str: 12    XL:     4   Next: 87%
Magic:  7/9        EV: 11    Int: 11    God:
Gold:   130        SH:  0    Dex: 14    Spells: 3 memorised, 5 levels left

rFire  . . .     SeeInvis .     a - +0 spear
rCold  . . .     Clarity  .     b - +0 leather armour
rNeg   . . .     SustAt   .     (no shield)
rPois  .         Gourm    .     (no helmet)
rElec  .         Spirit   .     (no cloak)
rCorr  .         Warding  .     (no gloves)
rMut   .         Stasis   .     (no boots)
MR     .....                    (no amulet)
Stlth  +.........               (no ring)
                                (no ring)

@: infused, not resistant to hostile enchantments, very unstealthy
A: change form in water, swift swim
a: no special abilities


You were on level 2 of the Dungeon.
You were not hungry.

You visited 1 branch of the dungeon, and saw 3 of its levels.

You collected 130 gold pieces.

Inventory:

Hand Weapons
 a - a +0 spear (weapon)
Missiles
 e - 119 stones (quivered)
Armour
 b - a +0 leather armour (worn)
 f - a +0 cloak
Scrolls
 h - 2 scrolls of identify {unknown}
 l - a scroll of fear {unknown}
 r - a scroll of amnesia {unknown}
Potions
 j - a potion of might {unknown}
 k - a potion of invisibility {unknown}
 n - a potion of haste
Books
 c - a book of Battle

   Spells                             Type                      Level
   a - Infusion                       Charms                       1
   b - Shroud of Golubria             Charms/Translocation         2
   c - Song of Slaying                Charms                       2
   d - Spectral Weapon                Hexes/Charms                 3
   e - Regeneration                   Charms/Necromancy            3
Comestibles
 d - a bread ration
 g - 2 meat rations
 p - a beef jerky


   Skills:
 - Level 2.1 Fighting
 + Level 4.7 Polearms
 - Level 0.6 Armour
 - Level 1.3 Dodging
 * Level 3.5 Spellcasting
 - Level 3.2 Charms
 + Level 1.1 Translocations


You had 5 spell levels left.
You knew the following spells:

 Your Spells              Type           Power        Failure   Level  Hunger
a - Infusion              Chrm           #.....       10%         1    #......
b - Song of Slaying       Chrm           #.......     14%         2    ###....
c - Shroud of Golubria    Chrm/Tloc      #.........   21%         2    ###....


Dungeon Overview and Level Annotations

Branches:
Dungeon (3/15)

Altars:
Ashenzari
Fedhas
Qazlal
Trog
Vehumet
The Shining One

Annotations:
D:2 Natasha
D:3 Robin


Message History

You see here a hobgoblin corpse.
You butcher the hobgoblin corpse.
Things that are here:
a chunk of flesh; a hobgoblin skeleton Eat a chunk of flesh? (ye/n/q/i?) This raw flesh tastes terrible.
You continue eating. x2
You start resting.
Casting: Infusion
Confirm with . or Enter, or press ? or * to list all spells.
You begin infusing your attacks with magical energy.
Natasha zaps a wand.
Natasha flickers and vanishes!
You closely miss something. Something claws you.
* * * LOW HITPOINT WARNING * * *
You hit something. Something claws you.
* * * LOW HITPOINT WARNING * * *
You miss something. Something claws you.
* * * LOW HITPOINT WARNING * * *
You miss something. Something claws you!
You die...

#### ############
####### #..##
#..........# #.....#
....# #........>÷#
#.....# #..##
#.......@..# #.....#
#..# ####.)######
#.....# #..#
#...###### #..÷..#
#..#########.#......#
#.....##
#....##.##)..######.#
#......###
#..#..#..#.### #.#
#........##
##.##.#..#.#
##.#####.####..#
.#.##.#....# #÷..#
##.##....#
.#.##.#.#..# #...#
#..#..#...


There were no monsters in sight!

Vanquished Creatures
  Natasha (D:2)
  3 adders
  An ooze (D:2)
  A worm (D:3)
  A giant gecko (D:1)
  4 bats
  2 giant cockroaches (D:2)
  8 goblins
  8 hobgoblins
  3 jackals (D:1)
  A quokka (D:3)
  3 ball pythons
  2 giant newts
  4 kobolds
  5 rats
47 creatures vanquished.

Vanquished Creatures (others)
  Natasha (D:2)
1 creature vanquished.

Grand Total: 48 creatures vanquished

Notes
Turn   | Place    | Note
--------------------------------------------------------------
     0 | D:1      | Snowclone the Merfolk Skald began the quest for the Orb.
     0 | D:1      | Reached XP level 1. HP: 16/16 MP: 3/3
   142 | D:1      | Reached XP level 2. HP: 22/22 MP: 5/5
   703 | D:1      | Reached skill level 4 in Polearms
   850 | D:2      | Learned a level 2 spell: Song of Slaying
   863 | D:2      | Found a stormy altar of Qazlal.
   885 | D:2      | Reached XP level 3. HP: 11/27 MP: 2/7
  1116 | D:2      | Noticed Natasha
  1129 | D:2      | Learned a level 2 spell: Shroud of Golubria
  1184 | D:2      | Found a radiant altar of Vehumet.
  1187 | D:2      | Found a shattered altar of Ashenzari.
  1188 | D:2      | Found a blossoming altar of Fedhas.
  1188 | D:2      | Found a bloodstained altar of Trog.
  1192 | D:2      | Found a glowing golden altar of the Shining One.
  1223 | D:2      | Killed Natasha
  1223 | D:2      | Reached XP level 4. HP: 4/33 MP: 2/8
  1473 | D:2      | Noticed Natasha
  1561 | D:2      | Killed Natasha
  1912 | D:2      | Reached skill level 1 in Translocations
  1975 | D:2      | Noticed Natasha
  2357 | D:3      | Noticed Robin
  2443 | D:2      | Mangled by Natasha

Action                   |  1- 3 |  4- 6 || total
-------------------------+-------+-------++-------
Melee: Spear             |    99 |   114 ||   213
Throw: Stone             |     1 |     7 ||     8
 Cast: Infusion          |     5 |    11 ||    16
       Shroud of Golubri |       |     2 ||     2
  Use: Potion            |       |     4 ||     4
 Stab: Sleeping          |       |     1 ||     1
  Eat: Chunk             |     1 |     5 ||     6
